AoeStats
← Grubby

Arabia

510165186Analyzed
1v1 RM · 2d ago on Sep 29, 2026· 67m 31s· 2 players
Game mode
Random Map
Map size
Tiny (2 player)
Population
200
Speed
Normal
Resources
Standard
Victory
Conquest
Starting age
Dark Age
Ending age
Imperial Age
RankedLock teamsTeams togetherTeam positionsShared explorationLock speedFull tech treeHidden civsTurbo modeCheats
Victory
Defeat
🇳🇱 Khmer · Netherlands
338
+17
🇫🇷 Spanish · France
367
-17
Grubby
8:11 Loom
10:49 Feudal Age
16:38 Castle Age
18:48 Bloodlines
18:40 Husbandry
20:00 Town Watch
22:16 Scale Barding Armor
32:30 Imperial Age
29:53 Double-Bit Axe
31:29 Forging
32:04 Chain Barding Armor
32:42 Gold Mining
35:16 Wheelbarrow
35:16 Cavalier
37:21 Bow Saw
37:38 Fervor
39:11 Plate Barding Armor
42:08 Double Crossbow
43:27 Iron Casting
44:48 Hand Cart
44:34 Town Patrol
45:32 Tusk Swords
47:09 Elite Ballista Elephant
49:44 Blast Furnace
48:47 Padded Archer Armor
49:29 Horse Collar
50:04 Fletching
66:57 Bodkin Arrow
67:17 Leather Archer Armor
67:03 Scale Mail Armor
Jûb'Z
10:37 Feudal Age
17:57 Scale Barding Armor
19:13 Double-Bit Axe
19:11 Horse Collar
22:24 Castle Age
22:04 Forging
22:17 Bloodlines
23:11 Husbandry
27:20 Squires
29:50 Gold Mining
30:12 Bow Saw
30:05 Heavy Plow
33:03 Imperial Age
34:24 Stone Mining
37:14 Chain Barding Armor
37:30 Iron Casting
36:51 Fletching
37:02 Padded Archer Armor
37:02 Scale Mail Armor
38:45 Cavalier
40:08 Town Watch
43:30 Pikeman
45:26 Halberdier
49:30 Two-Man Saw
50:48 Chemistry
50:42 Paladin
53:15 Plate Barding Armor
53:40 Blast Furnace
52:36 Bodkin Arrow
52:58 Chain Mail Armor
52:59 Leather Archer Armor
53:36 Onager
Connection lost

Rejoining the realm…

Still unreachable

The connection could not be restored.

Session expired

The server has moved on; the page needs a fresh start.